 Dungeon Crawl Stone Soup version 0.17.0-28-g6e173f8 (webtiles) character file.

46 Shizoidos the Scratcher (level 3, 0/15 HPs)
             Began as a Felid Transmuter on Nov 23, 2015.
             Slain by a worm (6 damage)
             ... on level 2 of the Dungeon.
             The game lasted 00:06:33 (1609 turns).

Shizoidos the Scratcher (Felid Transmuter)          Turns: 1609, Time: 00:06:34

Health: 0/15       AC:  1    Str:  6    XL:     3   Next: 46%
Magic:  7/7        EV: 18    Int: 14    God:
Gold:   114        SH:  0    Dex: 17    Spells: 1 memorised, 5 levels left
                                        Lives:  0   Deaths: 0

rFire  . . .     SeeInvis +       - Unarmed
rCold  . . .     Clarity  .     (armour unavailable)
rNeg   . . .     SustAt   .     (shield unavailable)
rPois  .         Gourm    .     (helmet unavailable)
rElec  .         Spirit   .     (cloak unavailable)
rCorr  .         Warding  .     (gloves unavailable)
rMut   .         Stasis   .     (boots unavailable)
MR     .....                    (no amulet)
Stlth  ++........               (no ring)
                                (no ring)

@: quick, not resistant to hostile enchantments, unstealthy
A: no armour, no weapons or thrown items, claws 1, fangs 3, see invisible,
carnivore 3, speed 1, shaggy fur 1, slow metabolism 1, sharp paws
a: no special abilities


You were on level 2 of the Dungeon.
You were not hungry.

You visited 1 branch of the dungeon, and saw 2 of its levels.

You collected 114 gold pieces.

Inventory:

Missiles
 a - 55 arrows
Scrolls
 d - 5 scrolls of identify
 e - a scroll of blinking {unknown}
 f - a scroll of immolation
 g - a scroll of fog {unknown}
 h - a scroll of enchant armour {unknown}
Books
 b - a book of Changes

   Spells                             Type                      Level
   a - Beastly Appendage              Transmutation                1
   b - Sticks to Snakes               Transmutation                2
   c - Spider Form                    Transmutation/Poison         3
   d - Ice Form                       Ice/Transmutation            4
   e - Blade Hands                    Transmutation                5
Comestibles
 c - a meat ration


   Skills:
 + Level 1.4 Fighting
 + Level 3.1 Dodging
 + Level 0.8 Stealth
 + Level 3.7 Unarmed Combat
 + Level 2.2 Spellcasting
 + Level 2.4 Transmutations


You had 5 spell levels left.
You knew the following spells:

 Your Spells              Type           Power        Failure   Level  Hunger
a - Beastly Appendage     Trmt           #.....       10%         1    #......


Dungeon Overview and Level Annotations

Branches:
Dungeon (2/15)

Altars:
Fedhas
Ru
The Shining One


Innate Abilities, Weirdness & Mutations

You cannot wear armour.
You are incapable of wielding weapons or throwing items.
You have sharp claws.
You have razor-sharp teeth.
You have supernaturally acute eyesight.
You are carnivorous and can eat meat at any time.
You cover ground quickly.
You are covered in fur (AC +1).
You have a slow metabolism.
Your sharp claws are effective at attacking unaware monsters.


Message History

The worm is severely wounded.
You barely miss the worm.
The worm is severely wounded.
The worm barely misses you.
A worm is nearby!
You scratch the worm.
The worm is severely wounded.
A worm is nearby!
You scratch the worm.
The worm is almost dead.
The worm barely misses you.
A worm is nearby!
You scratch the worm.
The worm is almost dead.
A worm is nearby!
A worm is nearby!
You scratch the worm but do no damage.
The worm is almost dead.
The worm bites you.
You die...

..##..#.#[#.#...).....#
#.##................#.#
#.###.#.#.#.#.##.#....#
#.###)...)....##.##...#
........##.#####.##...###
#.########.# #........#
#.# #.# ##.......# #.#
#.# ##.#...### ..#
#.#####@#....# ###
#.....w###...#
#######.#...## #####
##.#..# #######...#
#.#..# ..........#
#.#..## ####...####.#...#
#...#.........#.# #####
#.............#.#


You could see a worm.

Vanquished Creatures
  A worm (D:2)
  2 giant cockroaches
  9 goblins
  10 hobgoblins
  5 kobolds
  A ball python (D:1)
  3 bats
  3 giant newts
  6 rats
40 creatures vanquished.

Notes
Turn   | Place    | Note
--------------------------------------------------------------
     0 | D:1      | Shizoidos the Felid Transmuter began the quest for the Orb.
     0 | D:1      | Reached XP level 1. HP: 9/9 MP: 4/4
   415 | D:1      | Reached XP level 2. HP: 9/12 MP: 6/6
   997 | D:2      | Reached XP level 3. HP: 15/15 MP: 7/7
  1269 | D:2      | Found a blossoming altar of Fedhas.
  1332 | D:2      | Found a glowing golden altar of the Shining One.
  1332 | D:2      | Found a sacrificial altar of Ru.
  1609 | D:2      | Slain by a worm

Action                   || total
-------------------------++-------
Melee: Unarmed           ||   127
 Cast: Beastly Appendage ||     9
 Abil: End Transformatio ||     2
  Use: Scroll            ||     2
       Potion            ||     2
 Stab: Sleeping          ||     5
